 Dungeon Crawl Stone Soup version 0.31-a0-981-geadf994542 (webtiles) character file.

Game seed: 12171156186656095455

8782 gelatine the Grappler (level 11, -1/101 HPs)
             Began as a Troll Shapeshifter on Nov 1, 2023.
             Slain by a red devil
             ... wielding a +1 demon trident of freezing
              (6 damage)
             ... on level 10 of the Dungeon.
             The game lasted 00:31:43 (9288 turns).

gelatine the Grappler (Troll Shapeshifter)          Turns: 9288, Time: 00:31:43

Health: -1/101     AC:  5    Str: 34      XL:     11   Next: 14%
Magic:  13/13      EV: 20    Int:  6      God:
Gold:   531        SH:  0    Dex:  8 (9)  Spells: 13/15 levels left

rFire   . .          .
                       - Unarmed
rCold   . . .        (no shield)
rNeg    . . .        a - +1 animal skin
rPois   .            (helmet currently unavailable)
rElec   .            (cloak currently unavailable)
rCorr   .            (gloves unavailable)
SInv    .            (boots unavailable)
Will    .....        (no amulet)
Stlth   ++           g - ring of the Hare {EV+10}
HPRegen 1.16/turn    y - +6 ring of strength
MPRegen 0.13/turn

%: no passive effects
@: about to teleport, beast-form, spiked
A: beast (slay +3), large, unfitting armour, claws 3, regeneration 1, shaggy fur
1, tough skin 1
a: Begin Untransformation


You were on level 10 of the Dungeon.
You were a hulking beast.
You visited 2 branches of the dungeon, and saw 11 of its levels.
You also visited: Sewer.

You collected 550 gold pieces.
You spent 19 gold pieces at shops.

Inventory:

Hand Weapons
 D - the +4 hammer of the Breathing Gods {freeze, rF+}
   (You found it on level 5 of the Dungeon)

   rF+:       It protects you from fire.
 U - a +1 giant spiked club
 Y - the +9 dagger "Yttu" {pain, Str+6}
   (You found it on level 9 of the Dungeon)

   Str+6:     It affects your strength (+6).
Missiles
 J - a javelin (quivered)
 L - 3 poisoned darts
 V - a curare-tipped dart
 X - 23 stones
Armour
 a - a +1 animal skin (worn)
 R - a +0 cloak
 T - a +0 kite shield
Magical Staves
 H - a staff of poison
 S - a staff of fire
Jewellery
 g - the ring of the Hare (left claw) {EV+10}
   (You found it on level 5 of the Dungeon)

   [ring of evasion]

   EV+10:     It affects your evasion (+10).
 w - a ring of wizardry
 y - a +6 ring of strength (right claw)
 I - a ring of poison resistance
 Z - a ring of resist corrosion
Talismans
 c - a beast talisman
 d - a flux talisman
Wands
 f - a wand of iceblast (12)
 k - a wand of flame (13)
 E - a wand of polymorph (6)
 M - a wand of mindburst (46)
Scrolls
 i - 6 scrolls of teleportation
 j - 3 scrolls of noise
 n - a scroll of poison
 o - a scroll of fear
 r - 5 scrolls of fog
 t - 2 scrolls of vulnerability
 u - a scroll of enchant armour
 v - a scroll of revelation
 A - a scroll of amnesia
 N - a scroll of enchant weapon
Potions
 b - a potion of lignification
 e - 8 potions of curing
 h - 2 potions of magic
 l - 2 potions of heal wounds
 m - 3 potions of might
 s - a potion of cancellation
 x - 2 potions of invisibility
 z - 2 potions of brilliance
 F - a potion of mutation
 G - a potion of berserk rage
 O - 2 potions of enlightenment
 P - a potion of ambrosia
 W - a potion of resistance


   Skills:
 * Level 4.5 Fighting
 + Level 2.0 Throwing
 + Level 5.0 Dodging
 + Level 2.4 Stealth
 * Level 11.3 Unarmed Combat
 + Level 2.5 Spellcasting
 + Level 3.5 Translocations
 + Level 2.6 Evocations
 * Level 6.4 Shapeshifting


You had 13 spell levels left.
You knew the following spells:

 Your Spells              Type           Power      Damage    Failure   Level
a - Blink                 Tloc           10%        N/A       14%         2

Your spell library contained the following spells:

 Spells                   Type           Power      Damage    Failure   Level
 Apportation              Tloc           10%        N/A       9%          1
 Lesser Beckoning         Tloc           10%        N/A       14%         2
 Momentum Strike          Conj/Tloc      4%         3d8       28%         2
 Magic Dart               Conj           0%         1d3       36%         1
 Necrotise                Necr           0%         1d4       36%         1
 Summon Small Mammal      Summ           0%         N/A       36%         1
 Searing Ray              Conj           0%         2d4       52%         2
 Call Canine Familiar     Summ           0%         N/A       75%         3
 Hailstorm                Conj/Ice       0%         3d3       75%         3
 Summon Guardian Golem    Hex/Summ       0%         N/A       75%         3
 Fulminant Prism          Conj/Hex       0%         3d5       98%         4
 Summon Ice Beast         Ice/Summ       0%         N/A       98%         4
 Simulacrum               Ice/Necr       0%         N/A       100%        6


Dungeon Overview and Level Annotations

Branches:
Dungeon (10/15)            Temple (1/1) D:6           Sewer (visited)
   Lair: D:8-11         Orc: D:9-12

Altars:
Ashenzari
Cheibriados
Dithmenos
Elyvilon
Fedhas
Gozag
Hepliaklqana
Makhleb
Nemelex Xobeh
Okawaru
Qazlal
Ru
Sif Muna
Trog
Uskayaw
Vehumet
Wu Jian
Xom
Yredelemnul
Zin
The Shining One

Shops:
D:1 *   D:2 *   D:6 (

Annotations:
D:8 3 runed translucent doors


Innate Abilities, Weirdness & Mutations

You are a hulking beast.
Your limbs bulge with bestial killing power. (Slay +3)
You are too large for most types of armour.
You have claws for hands.
Your natural rate of healing is unusually fast.
You are covered in fur. (AC +1)
You have tough skin. (AC +1)


Message History

The red devil freezes you. The red devil barely misses you.
You throw a javelin.
The javelin barely misses the red devil.
The red devil misses you.
You throw a javelin.
The javelin barely misses the red devil.
The red devil hits you from afar with a +1 demon trident of freezing!
Barbed spikes become lodged in your body.
The red devil freezes you.
You are too injured to fight recklessly!
The barbed spikes dig painfully into your body as you move.
The red devil hits you with a +1 demon trident of freezing!
* * * LOW HITPOINT WARNING * * *
Barbed spikes become lodged in your body.
The red devil freezes you.
* * * LOW HITPOINT WARNING * * *
Things that are here:
a +0 trident; a +0 plate armour You feel much better.
The red devil hits you with a +1 demon trident of freezing!!
* * * LOW HITPOINT WARNING * * *
Barbed spikes become lodged in your body.
The red devil freezes you!
* * * LOW HITPOINT WARNING * * *
Read: 2 scrolls of fear
Press: ? - help, Q - select action, (/) - cycle Dir - look around, f - activate Look: a red devil, wielding a +1 demon trident of freezing (moderately wounded, chance to affect: 79%)
As you read the scroll of fear, it crumbles to dust.
You assume a fearsome visage.
The red devil looks frightened!
You feel better.
Cornered, the red devil turns to fight!
As you read the scroll of teleportation, it crumbles to dust.
You feel strangely unstable.
You carefully extract the barbed spikes from your body.
The red devil hits you from afar with a +1 demon trident of freezing!!
* * * LOW HITPOINT WARNING * * *
Barbed spikes become lodged in your body.
The red devil freezes you.
You die...

*,* *,,* #..# #.# #........
*,* *,,* #..# #.# #........
*,* *,,####..# #.# #........
*,****,,,.....# #.# #........
*,,,,,,***#...# #.# #........
*,,,,,,* #...# #.# #.......#
*,,**,,* #...###.# #.......#
*,,**,,* ##..))...####.......#
*,,**,,**#...h##.............#
*,,**,,*#.....##.............#
*,,**,,*#..4..##.............#
*,,**,,*#.⌠♣..##.§...........#
*,,**,,*#(....##P§§P.........#
*,,**,,*#...♣.##.≈§P.........#
*,,**,,*###...#.P§§..........#
*,,**,,,,,....#...PP.........#
*,,**,,,,,,,,,#..............#


You could see a red devil.

Vanquished Creatures
  A centaur warrior (D:9)
  A two-headed ogre (D:9)
  Joseph (D:7)
  Jeremiah (D:7)
  A kobold demonologist (D:9)
  Psyche (D:8)
  2 trolls (D:9)
  A red devil (D:10)
  Prince Ribbit (D:6)
  A spriggan (shapeshifter) (D:9)
  2 wyverns
  A wraith (D:9)
  A shadow (D:9)
  Eustachio (D:4)
  3 yaks (D:9)
  A steam dragon (D:9)
  Menkaure (D:6)
  5 orc warriors
  2 ice beasts
  A black bear (D:4)
  2 ogres (D:7)
  5 centaurs
  4 phantoms
  2 kobold brigands
  Blork the orc (D:6)
  5 bullfrogs
  2 gnoll sergeants (D:9)
  9 scorpions
  A wight (D:9)
  8 killer bees
  A quasit (D:10)
  4 orc priests
  4 hounds
  Crazy Yiuf (D:5)
  A gnoll bouda (D:4)
  A jelly (D:8)
  A sleepcap (D:4)
  Jessica (D:2)
  5 iguanas
  3 orc wizards
  Robin (D:2)
  A gnoll (D:4)
  13 adders
  5 river rats (Sewer)
  2 shadow imps (D:6)
  A white imp (D:7)
  2 ufetubi (D:6)
  A dart slug (D:4)
  17 orcs
  9 endoplasms
  10 hobgoblins
  11 jackals
  5 quokkas
  9 ball pythons
  4 frilled lizards
  7 giant cockroaches
  16 goblins
  9 kobolds
  11 rats
224 creatures vanquished.

Notes
Turn   | Place    | Note
-------+----------+-------------------------------------------
     0 | D:1      | gelatine the Troll Shapeshifter began the quest for the
                  | Orb.
     0 | D:1      | Reached XP level 1. HP: 18/18 MP: 0/0
   132 | D:1      | Reached XP level 2. HP: 22/26 MP: 1/1
   304 | D:1      | Found Vugen's Assorted Antiques.
   314 | D:1      | Bought a scroll labelled NEUSTRAAJES for 19 gold pieces
   432 | D:1      | Reached skill level 1 in Fighting
   525 | D:1      | Found a faded altar of an unknown god.
   627 | D:2      | Reached XP level 3. HP: 33/33 MP: 2/2
   628 | D:2      | Noticed Robin
   646 | D:2      | Killed Robin
   741 | D:2      | Noticed Jessica
   753 | D:2      | Killed Jessica
   754 | D:2      | Reached skill level 4 in Unarmed Combat
   754 | D:2      | Reached XP level 4. HP: 37/41 MP: 3/3
   771 | D:2      | Found Huxypa's General Store.
  1250 | D:3      | Noticed a scorpion
  1255 | D:3      | Killed a scorpion
  1256 | D:3      | Reached XP level 5. HP: 48/48 MP: 4/4
  1441 | D:3      | Found a blossoming altar of Fedhas.
  1672 | D:3      | Found a basalt altar of Yredelemnul.
  2194 | D:4      | Found a sparkling altar of Nemelex Xobeh.
  2202 | D:4      | Found a white marble altar of Elyvilon.
  2205 | D:4      | Found a burning altar of Makhleb.
  2205 | D:4      | Found a glowing silver altar of Zin.
  2218 | D:4      | Learned a level 2 spell: Blink
  2221 | D:4      | Found a stormy altar of Qazlal.
  2290 | D:4      | Noticed a black bear
  2315 | D:4      | Killed a black bear
  2316 | D:4      | Reached skill level 5 in Unarmed Combat
  2316 | D:4      | Reached XP level 6. HP: 35/55 MP: 5/5
  2482 | D:4      | Reached skill level 1 in Evocations
  2486 | D:4      | Reached XP level 7. HP: 62/63 MP: 6/6
  2794 | D:4      | Noticed Eustachio
  2820 | D:4      | Killed Eustachio
  2821 | D:4      | Reached skill level 1 in Throwing
  2852 | D:4      | Reached skill level 1 in Translocations
  2971 | D:5      | Entered Level 5 of the Dungeon
  2981 | D:5      | Reached skill level 6 in Unarmed Combat
  3122 | D:5      | Reached skill level 1 in Spellcasting
  3123 | D:5      | Reached skill level 1 in Stealth
  3170 | D:5      | Found a glowing golden altar of the Shining One.
  3277 | D:5      | Found a glowing drain.
  3437 | Sewer    | Entered a sewer
  3515 | Sewer    | Reached XP level 8. HP: 71/72 MP: 8/8
  4192 | D:5      | Found the ring of the Hare {EV+10}
  4253 | D:5      | Reached skill level 7 in Unarmed Combat
  4537 | D:5      | Found a runed translucent door.
  4538 | D:5      | Noticed Crazy Yiuf
  4546 | D:5      | Killed Crazy Yiuf
  4552 | D:5      | Identified the +4 hammer of the Breathing Gods {freeze,
                  | rF+}
  4821 | D:6      | Found a staircase to the Ecumenical Temple.
  5238 | D:6      | Noticed Menkaure
  5239 | D:6      | Noticed Blork the orc
  5250 | D:6      | Killed Blork the orc
  5256 | D:6      | Killed Menkaure
  5257 | D:6      | Reached skill level 5 in Shapeshifting
  5257 | D:6      | Reached XP level 9. HP: 48/80 MP: 10/10
  5480 | D:6      | Found Neug Reu's Antique Weapon Boutique.
  5500 | D:6      | Reached skill level 8 in Unarmed Combat
  5670 | D:6      | Noticed Prince Ribbit
  5679 | D:6      | Killed Prince Ribbit
  5918 | Temple   | Entered the Ecumenical Temple
  6094 | D:7      | Identified the +6 plate armour of Going Fast {rN+ Will+}
  6185 | D:7      | Noticed Joseph
  6187 | D:7      | Noticed Jeremiah
  6194 | D:7      | Killed Joseph
  6252 | D:7      | Killed Jeremiah
  6253 | D:7      | Reached skill level 9 in Unarmed Combat
  7366 | D:8      | Noticed Psyche
  7373 | D:8      | Killed Psyche
  7374 | D:8      | Reached XP level 10. HP: 80/91 MP: 12/12
  7486 | D:8      | Found a runed translucent gate.
  7488 | D:8      | Found a runed translucent gate.
  7489 | D:8      | Found a runed translucent gate.
  7939 | D:9      | Noticed a centaur warrior
  7955 | D:9      | Noticed a two-headed ogre
  7963 | D:9      | Killed a centaur warrior
  7975 | D:9      | Killed a two-headed ogre
  7976 | D:9      | Reached skill level 10 in Unarmed Combat
  8078 | D:9      | Identified the +9 dagger "Yttu" {pain, Str+6}
  8182 | D:9      | Noticed a rust devil
  8208 | D:9      | Found a bloodstained altar of Trog.
  8299 | D:9      | Found an iron altar of Okawaru.
  8519 | D:9      | Reached XP level 11. HP: 74/100 MP: 13/13
  8565 | D:9      | Reached skill level 11 in Unarmed Combat
  8577 | D:9      | Found a radiant altar of Vehumet.
  8925 | D:9      | Reached skill level 5 in Dodging
  9049 | D:10     | Entered Level 10 of the Dungeon
  9288 | D:10     | HP: 5/101 [red devil/+1 demon trident of freezing (26)]
  9288 | D:10     | Slain by a red devil

Illustrated notes

Levels and vault maps discovered:
D:1:      mainiacjoe_arrival_reflecting_pool, layout_loops_ring, serial_shops,
          nicolae_shop_overgrown_old_shop, hellmonk_ecumenical_altar_arch_garden
D:2:      layout_basic, serial_shops, shop, kennysheep_generic_room_15,
          uniq_robin, uniq_jessica
D:3:      layout_loops_ring, mainiacjoe_overflow_surrounded_room,
          mainiacjoe_overflow_alcove_1, serial_bayou_pond_c,
          grunt_decor_fettered
D:4:      minmay_bubble_buster, layout_loops_ring,
          nicolae_overflow_hallway_of_the_gods, uniq_eustachio
D:5:      minmay_inner_zag, layout_basic, tso_oasis_becter,
          portal_sewer_entry_b, uniq_crazy_yiuf_cottage
D:6:      nicolae_cairo_tiling_very_big, layout_loops_corners,
          minmay_temple_entry_large_hall, serial_shops, shop, uniq_menkaure,
          uniq_blork_the_orc, uniq_prince_ribbit1
D:7:      layout_loops_ring, minmay_statues_item, uniq_joseph, uniq_jeremiah
D:8:      layout_loops_ring, gammafunk_ghost_icy, serial_park_tiny_1,
          uniq_psyche
D:9:      minmay_bloctagon, layout_basic, nicolae_vehumet_altar_sigil,
          mainiacjoe_overflow_catch_the_wave, hangedman_decor_points
D:10:     layout_long_grid, tgw_kikubaaqudgha, serial_demonic, serial_demonic_g,
          serial_demonic_b, serial_demonic_d, serial_demonic_f,
          serial_demonic_a, serial_demonic_d, serial_demonic_b,
          serial_demonic_e, serial_demonic_e, serial_demonic_f
Temple:   chequers_temple_sunken

Skill      XL: |  1  2  3  4  5  6  7  8  9 10 11 |
---------------+----------------------------------+-----
Fighting       | 1 2 3 4 |  4.5
Dodging        | 2 3 4 5 |  5.0
Unarmed Combat | 4 5 6 7 9 10 11 | 11.3
Shapeshifting  | 4 5 6 |  6.4
Evocations     | 1 2 |  2.6
Throwing       | 1 2 |  2.0
Translocations | 1 2 3 |  3.5
Spellcasting   | 1 2 |  2.5
Stealth        | 1 2 |  2.4

Action                     |  1- 3 |  4- 6 |  7- 9 | 10-12 || total
---------------------------+-------+-------+-------+-------++-------
  Melee: Unarmed           |    83 |    99 |   317 |   164 ||   663
         Punch             |     4 |     5 |    15 |     7 ||    31
  Throw: Stone             |    10 |    38 |    34 |       ||    82
         Javelin           |       |       |     1 |    20 ||    21
   Cast: Blink             |       |       |     9 |       ||     9
  Evoke: Wand              |       |     1 |     3 |       ||     4
    Use: Scroll            |       |       |     7 |    19 ||    26
         Potion            |       |       |       |     3 ||     3
   Stab: Distracted        |       |       |     1 |       ||     1
         Sleeping          |       |       |     3 |     1 ||     4
 Armour: Animal skin       |    45 |    50 |   141 |    73 ||   309
  Dodge: Dodged            |    28 |    45 |   196 |   158 ||   427

Table legend: (Time is in decaauts)
 A = Elapsed time spent in this place.
 B = Non-inter-level travel time spent in this place.
 C = Inter-level travel time spent in this place.
 D = Time resting spent in this place.
 E = Time spent auto-exploring this place.
 F = Levels seen in this place.
 G = Mean time per level.
                   A        B        C        D        E       F      G
               +--------+--------+--------+--------+--------+-----+--------+
         Total |   9210 |   8750 |    460 |    236 |   6650 |  12 |  767.5 |
       Dungeon |   8556 |   8136 |    420 |    236 |   6230 |  10 |  855.6 |
        Temple |     41 |      1 |     40 |      0 |      0 |   1 |   41.0 |
         Sewer |    611 |    611 |      0 |      0 |    420 |   1 |  611.0 |
               +--------+--------+--------+--------+--------+-----+--------+

Top non-repeatable levels by time:
     D:7: 1271 daAuts
     D:5: 1213 daAuts
     D:9: 1146 daAuts
     D:6: 1106 daAuts
     D:4: 891 daAuts
     D:3: 843 daAuts
     D:8: 626 daAuts
     D:1: 618 daAuts
   Sewer: 611 daAuts
     D:2: 602 daAuts
    D:10: 235 daAuts
  Temple: 41 daAuts
